 Dungeon Crawl Stone Soup version 0.29-a0-275-g389c0b56f3 (webtiles) character file.

Game seed: 12119880188839687722

2097 Ajdolov the Grappler (level 9, -3/48 HPs)
             Began as a Vine Stalker Gladiator on Mar 13, 2022.
             Killed by divine providence
             ... invoked by an orc priest
              (10 damage)
             ... on level 7 of the Dungeon.
             The game lasted 00:11:10 (5736 turns).

Ajdolov the Grappler (Vine Stalker Gladiator)       Turns: 5736, Time: 00:11:11

Health: -3/48      AC:  9    Str: 21    XL:     9   Next: 28%
Magic:  0/17       EV: 12    Int:  8    God:
Gold:   331        SH:  0    Dex: 16    Spells: 18/18 levels left

rFire   + . .      SeeInvis .     - Unarmed
rCold   . . .      Faith    .   (no shield)
rNeg    + + .      Spirit   +   v - +3 leather armour {rF+}
rPois   .          Reflect  .   i - +1 helmet "Leiru" {Contam rElec rN++}
rElec   +          Harm     .   r - +0 cloak
rCorr   .          Rampage  .   (no gloves)
Will    +....                   (no boots)
Stlth   +.........              (no amulet)
HPRegen 0.96/turn               (no ring)
MPRegen 0.15/turn               (no ring)

@: no status effects
A: fangs 3, regeneration 1, magic shield, antimagic bite, no potion heal 2
a: no special abilities


You were on level 7 of the Dungeon.
You visited 1 branch of the dungeon, and saw 7 of its levels.

You collected 331 gold pieces.

Inventory:

Hand Weapons
 a - a +0 fustibalus
Missiles
 c - 3 throwing nets (quivered)
 d - a javelin
Armour
 i - the +1 helmet "Leiru" (worn) {Contam rElec rN++}
   (You took it off Robin on level 2 of the Dungeon)

   rElec:     It insulates you from electricity.
   rN:        It greatly protects you from negative energy.
   Contam:    It causes magical contamination when unequipped.
 r - a +0 cloak (worn)
 v - a +3 leather armour of fire resistance (worn)
Wands
 g - a wand of iceblast (6)
 D - a wand of flame (19)
Scrolls
 b - 3 scrolls of amnesia {unknown}
 f - 4 scrolls of teleportation {unknown}
 j - 7 scrolls of identify {unknown}
 l - a scroll of silence {unknown}
 n - 2 scrolls of fog {unknown}
 o - a scroll of enchant armour {unknown}
 s - a scroll of holy word {unknown}
 t - a scroll of brand weapon {unknown}
 y - a scroll of enchant weapon {unknown}
 B - a scroll of vulnerability {unknown}
 C - a scroll of noise {unknown}
Potions
 e - 3 potions of heal wounds {unknown}
 h - 4 potions of curing {unknown}
 k - 4 potions of mutation {unknown}
 m - 2 potions of ambrosia {unknown}
 p - a potion of degeneration {unknown}
 q - a potion of might {unknown}
 u - 2 potions of cancellation {unknown}
 w - a potion of brilliance {unknown}
 x - 2 potions of invisibility {unknown}
 z - a potion of resistance {unknown}
 A - a potion of attraction {unknown}


   Skills:
 + Level 5.8 Fighting
 - Level 1.7 Throwing
 - Level 2.4 Dodging
 * Level 9.3 Unarmed Combat
 + Level 5.2 Spellcasting


You had 18 spell levels left.
You didn't know any spells.
Your spell library contained the following spells:

 Spells                   Type           Power      Damage    Failure   Level
 Gell's Gravitas          Tloc           2%         N/A       65%         3
 Lesser Beckoning         Tloc           2%         N/A       65%         3
 Teleport Other           Tloc           2%         N/A       65%         3


Dungeon Overview and Level Annotations

Branches:
Dungeon (7/15)
 Temple: D:4-7

Altars:

Shops:
D:3 (

Annotations:
D:6 3 runed translucent doors, bmj180's ghost, novice DsNe; qborf's ghost, novice SpAK


Innate Abilities, Weirdness & Mutations

You have razor-sharp teeth.
Your natural rate of healing is unusually fast.
When hurt, damage is shared between your health and your magic reserves.
Your bite disrupts and absorbs the magic of your enemies.
Potions cannot restore your health.


Message History

The orc warrior hits you with a +0 battleaxe!
You punch the orc warrior! Your bite misses the orc warrior.
The orc warrior is almost dead.
You feel sick.
You hit the orc warrior.
You kill the orc warrior!
You feel sick. The orc priest barely misses you.
There is an open door, spattered with blood here.
Items here: )) [[ †.
You hit the orc priest. Your bite misses the orc priest.
The orc priest is lightly wounded.
You feel sick.
The orc priest invokes the aid of Beogh against you.
Beogh smites you!
* * * LOW HITPOINT WARNING * * *
You hit the orc priest but do no damage.
You punch the orc priest.
The orc priest is moderately wounded.
You feel sick.
You are no longer poisoned.
The orc priest hits you with a +0 mace!
* * * LOW HITPOINT WARNING * * *
You barely miss the orc priest. Your bite misses the orc priest.
The orc priest is moderately wounded.
The orc priest hits you with a +0 mace.
* * * LOW HITPOINT WARNING * * *
Unknown command.
Okay, then.
You barely miss the orc priest.
The orc priest is moderately wounded.
The orc priest looks encouraged for a moment.
Unknown command.
You barely miss the orc priest.
The orc priest is moderately wounded.
You punch the orc priest! Your punch misses the orc priest.
You bite the orc priest, but do no damage.
The orc priest is almost dead.
The orc priest calls down the wrath of Beogh upon you.
Beogh smites you!
You die...

######....#..#.........)......#
## .....#..#####............#
.# #.....#......#.....).######
<# #.....#......#.......# .#
#.....#......#.....).#
#####.....######.#.....<.#
##.## #.......#.#####+### ....#
#.......+....# ....#
#.......#@..(# ....#
#.......##o#### ...##
#.............#
...#####.............#
.......##'#####......#
..............#......#
........)[....#......#
##.######).##+#......#
##.##.###..#.....#+###


You could see an orc priest.

Vanquished Creatures
  Eustachio (D:4)
  A water moccasin (D:5)
  A sky beast (D:6)
  An ice beast (D:6)
  An orc warrior (D:7)
  A black bear (D:5)
  3 ogres
  2 centaurs
  A kobold brigand (D:5)
  A gnoll sergeant (D:4)
  2 bullfrogs (D:4)
  3 scorpions
  A howler monkey (D:4)
  A jelly (D:6)
  An orc priest (D:3)
  A gnoll shaman (D:7)
  2 hounds
  An orc wizard (D:3)
  3 iguanas
  Natasha (twice) (D:2)
  Robin (D:2)
  11 gnolls
  8 adders
  2 ufetubi
  A worm (D:2)
  3 dart slugs
  16 orcs
  3 ball pythons (D:2)
  3 endoplasms
  6 giant cockroaches
  8 goblins
  8 hobgoblins
  3 jackals (D:4)
  4 quokkas
  9 bats
  5 frilled lizards
  11 kobolds
  3 rats (D:1)
135 creatures vanquished.

Notes
Turn   | Place    | Note
-------+----------+-------------------------------------------
     0 | D:1      | Ajdolov the Vine Stalker Gladiator began the quest for the
                  | Orb.
     0 | D:1      | Reached XP level 1. HP: 11/11 MP: 2/2
   190 | D:1      | Reached XP level 2. HP: 13/15 MP: 3/3
   291 | D:1      | Found a faded altar of an unknown god.
   943 | D:2      | Reached XP level 3. HP: 14/18 MP: 4/4
  1009 | D:2      | Identified the +1 helmet "Leiru" {Contam rElec rN++}
  1009 | D:2      | Noticed Robin
  1037 | D:1      | Reached skill level 4 in Unarmed Combat
  1143 | D:2      | Killed Robin
  1246 | D:2      | Gained mutation: Your natural rate of healing is unusually
                  | fast. [Vine Stalker growth]
  1246 | D:2      | Reached XP level 4. HP: 23/23 MP: 5/5
  1298 | D:2      | Noticed Natasha
  1306 | D:2      | Killed Natasha
  1519 | D:2      | Noticed Natasha
  1532 | D:2      | Killed Natasha
  1533 | D:2      | Reached XP level 5. HP: 28/28 MP: 6/6
  1795 | D:3      | Reached skill level 5 in Unarmed Combat
  1901 | D:3      | Found Ycheto's Weapon Shoppe.
  1951 | D:3      | Reached skill level 1 in Spellcasting
  2026 | D:3      | Reached XP level 6. HP: 26/32 MP: 6/8
  2992 | D:4      | Reached skill level 6 in Unarmed Combat
  2992 | D:4      | Reached XP level 7. HP: 30/37 MP: 9/11
  3242 | D:4      | Noticed Eustachio
  3285 | D:4      | Killed Eustachio
  3519 | D:5      | Entered Level 5 of the Dungeon
  3551 | D:4      | Reached skill level 7 in Unarmed Combat
  3628 | D:5      | Gained mutation: You have razor-sharp teeth. [Vine Stalker
                  | growth]
  3628 | D:5      | Reached XP level 8. HP: 42/42 MP: 11/13
  4017 | D:5      | Reached skill level 5 in Fighting
  4017 | D:5      | Reached skill level 8 in Unarmed Combat
  4528 | D:6      | Found a runed translucent gate.
  4528 | D:6      | Found a runed translucent gate.
  4529 | D:6      | Found a runed translucent gate.
  4531 | D:6      | Noticed bmj180's ghost (novice DsNe)
  4531 | D:6      | Noticed qborf's ghost (novice SpAK)
  4773 | D:6      | Reached XP level 9. HP: 47/47 MP: 15/17
  5203 | D:6      | Reached skill level 9 in Unarmed Combat
  5203 | D:6      | Reached skill level 5 in Spellcasting
  5736 | D:7      | Killed from afar by an orc priest

Illustrated notes

Levels and vault maps discovered:
D:1:      heliophobic_arrival_enchanted_forest, layout_basic,
          shapermc_ecumenical_altar_acropolis, serial_rivers,
          chequers_serial_rivers_micro_d, chequers_serial_rivers_micro_c,
          chequers_serial_rivers_micro_b, chequers_serial_rivers_large_a,
          chequers_serial_rivers_micro_e, chequers_serial_rivers_small_3
D:2:      layout_basic, nicolae_figureground_pulse, uniq_robin, uniq_natasha
D:3:      layout_basic, serial_shops, nicolae_shop_bloodbath_and_beyond
D:4:      layout_basic, uniq_eustachio
D:5:      layout_loops_ring
D:6:      layout_basic, gammafunk_ghost_cemetery
D:7:      layout_gridville, minmay_temple_entry_steel_oval,
          minmay_a_box_with_orc_wizards_in_it, uniq_menkaure

Skill      XL: |  1  2  3  4  5  6  7  8  9 |
---------------+----------------------------+-----
Fighting       | 2 3 4 5 |  5.8
Unarmed Combat | 4 5 6 7 8 9 |  9.3
Spellcasting   | 1 2 3 4 5 |  5.2
Throwing       | |  1.7
Dodging        | |  2.4

Action                   |  1- 3 |  4- 6 |  7- 9 || total
-------------------------+-------+-------+-------++-------
Melee: Unarmed           |    88 |   168 |   210 ||   466
       Bite              |    17 |    44 |    64 ||   125
       Punch             |     2 |     5 |     8 ||    15
 Fire: Fustibalus        |       |       |    31 ||    31
Throw: Throwing net      |       |     2 |       ||     2
       Javelin           |       |       |     1 ||     1
Armor: Leather armour    |    10 |       |    71 ||    81
       Scale mail        |    26 |    46 |    22 ||    94
Dodge: Dodged            |    67 |    55 |   142 ||   264

Table legend: (Time is in decaauts)
 A = Elapsed time spent in this place.
 B = Non-inter-level travel time spent in this place.
 C = Inter-level travel time spent in this place.
 D = Time resting spent in this place.
 E = Time spent auto-exploring this place.
 F = Levels seen in this place.
 G = Mean time per level.
                   A        B        C        D        E       F      G
               +--------+--------+--------+--------+--------+-----+--------+
         Total |   5710 |   5444 |    266 |    199 |   4047 |   7 |  815.7 |
       Dungeon |   5710 |   5444 |    266 |    199 |   4047 |   7 |  815.7 |
               +--------+--------+--------+--------+--------+-----+--------+

Top non-repeatable levels by time:
     D:4: 1216 daAuts
     D:6: 1124 daAuts
     D:1: 1055 daAuts
     D:5: 762 daAuts
     D:2: 696 daAuts
     D:3: 615 daAuts
     D:7: 238 daAuts
